 Dungeon Crawl Stone Soup version 0.28.0 (webtiles) character file.

Game seed: 3114762900782964473

2599 crazypyro the Fighter (level 9, 0/169 HPs)
             Began as an Ogre Monk on Feb 4, 2022.
             Was a High Priest of Lugonu.
             Splashed by a brown ugly thing's acid (8 damage)
             ... on level 8 of the Dungeon.
             The game lasted 00:09:51 (5665 turns).

crazypyro the Fighter (Ogre Monk)                   Turns: 5665, Time: 00:09:51

Health: 0/169      AC:  0    Str: 21    XL:     9   Next: 59%
Magic:  9/9        EV: 10    Int: 11    God:    Lugonu [*****.]
Gold:   250        SH:  0    Dex: 11    Spells: 8/8 levels left

rFire   . . .      SeeInvis .   g - +1 giant spiked club
rCold   . . .      Faith    .   (shield currently unavailable)
rNeg    . . .      Spirit   .   t - +0 swamp dragon scales
rPois   +          Reflect  .   (helmet restricted)
rElec   .          Harm     .   (no cloak)
rCorr   .          Rampage  .   (gloves unavailable)
Will    .....                   (boots unavailable)
Stlth   ..........              (no amulet)
HPRegen 0.38/turn               r - ring of flight
MPRegen 0.11/turn               (no ring)

@: berserking, corroded, flying, studying Fighting, very quick
A: large, unfitting armour, tough skin 1
a: Renounce Religion, Depart the Abyss, Bend Space, Banish, Corrupt, Enter the
Abyss


You were on level 8 of the Dungeon.
You worshipped Lugonu.
Lugonu was extremely pleased with you.
You visited 1 branch of the dungeon, and saw 8 of its levels.

You collected 304 gold pieces.
You spent 54 gold pieces at shops.

Inventory:

Hand Weapons
 a - a +1 vampiric mace
 g - a +1 giant spiked club (weapon)
Armour
 b - a +0 robe
 c - a +0 troll leather armour
 t - +0 swamp dragon scales (worn)
Jewellery
 r - a ring of flight (left hand)
 s - a ring of wizardry
Wands
 d - a wand of flame (59)
 q - a wand of polymorph (11)
Scrolls
 f - a scroll of immolation {unknown}
 n - a scroll of identify
Potions
 e - a potion of berserk rage
 i - a potion of lignification
 j - 3 potions of curing
 k - a potion of flight
 l - a potion of haste
 m - a potion of cancellation
 u - a potion of brilliance {unknown}


   Skills:
 * Level 14.2 Fighting
 + Level 7.6 Maces & Flails
 + Level 5.5 Dodging
 - Level 2.1 Stealth
 - Level 1.2 Invocations


You had 8 spell levels left.
You didn't know any spells.
Your spell library contained the following spells:

 Spells                   Type           Power      Damage    Failure   Level
 Animate Skeleton         Necr           0%         N/A       52%         1
 Apportation              Tloc           0%         N/A       52%         1
 Beastly Appendage        Tmut           0%         N/A       52%         1
 Sandblast                Erth           0%         2d4       52%         1
 Summon Small Mammal      Summ           0%         N/A       52%         1
 Ensorcelled Hibernation  Hex/Ice        0%         N/A       65%         2
 Wereblood                Tmut           0%         N/A       65%         2
 Dazzling Flash           Conj/Hex       0%         N/A       87%         3
 Spider Form              Tmut/Pois      0%         N/A       87%         3
 Stone Arrow              Conj/Erth      0%         3d7       87%         3
 Anguish                  Hex/Necr       0%         N/A       99%         4
 Animate Armour           Summ/Erth      0%         N/A       99%         4
 Animate Dead             Necr           0%         N/A       99%         4
 Iskenderun's Mystic Bla  Conj/Tloc      0%         2d3       99%         4
 Starburst                Conj/Fire      0%         6d3       100%        6
 Haunt                    Necr/Summ      0%         N/A       100%        7
 Disjunction              Tloc           0%         N/A       100%        8
 Infestation              Necr           0%         N/A       100%        8
 Lehudib's Crystal Spear  Conj/Erth      0%         10d2      100%        8


Dungeon Overview and Level Annotations

Branches:
Dungeon (8/15)             Temple (0/1) D:7
   Lair: D:8-11

Altars:
Ashenzari
Dithmenos
Elyvilon
Hepliaklqana
Okawaru
Uskayaw
Lugonu

Shops:
D:7 *

Annotations:
D:7 1 runed translucent door, Crazy Yiuf


Innate Abilities, Weirdness & Mutations

You are too large for most types of armour.
You have tough skin. (AC +1)


Message History

You barely miss the brown ugly thing.
The brown ugly thing is heavily wounded.
You feel very sick. The brown ugly thing bites you!
You are splashed with acid!
The howler monkey hoots and howls with incredible vigour!
The brown ugly thing bites you!
You are splashed with acid!
You hear an angry hiss.
You hear a loud, deep croak!
You hear a croak.
You barely miss the brown ugly thing.
The brown ugly thing is heavily wounded.
You feel very sick. The brown ugly thing bites you!
* * * LOW HITPOINT WARNING * * *
The acid corrodes you!
You are splashed with acid!
* * * LOW HITPOINT WARNING * * *
You feel much better.
You feel sick. The brown ugly thing bites you!
* * * LOW HITPOINT WARNING * * *
The acid corrodes you!
You are splashed with acid!
* * * LOW HITPOINT WARNING * * *
You feel sick.
You feel sick.
You feel sick.
You feel sick.
You feel sick.
You are no longer poisoned.
The howler monkey hoots and howls with incredible vigour!
You hear a croak.
You hear an angry hiss.
You hear a shout! x3
The howler monkey hoots and howls with incredible vigour!
Okay, then.
A red film seems to cover your vision as you go berserk!
You feel yourself moving faster!
You feel mighty! The brown ugly thing bites you.
* * * LOW HITPOINT WARNING * * *
You are splashed with acid!
* * * LOW HITPOINT WARNING * * *
You bludgeon the brown ugly thing!!
The brown ugly thing is almost dead.
The brown ugly thing bites you.
* * * LOW HITPOINT WARNING * * *
You are splashed with acid!
You die...

#.....#
#.##### #o#
#g# #.# #h#
#S# #u# #@#
#.# #.# #.#
#.# #.# #.#
#.#
###########
#.#
#..<.......


You could see a brown ugly thing, an orc warrior, a water moccasin, a gnoll
sergeant and a howler monkey.

Vanquished Creatures
  Maggie (D:7)
  Grinder (D:3)
  Sigmund (D:2)
  3 yaks (D:7)
  Menkaure (D:5)
  A water moccasin (D:7)
  An orc warrior (D:6)
  2 ogres
  A phantom (D:5)
  A bullfrog (D:6)
  A water moccasin zombie (D:5)
  A scorpion (D:4)
  4 wights
  A howler monkey (D:7)
  A bullfrog zombie (D:5)
  A hound (D:5)
  A jelly (D:7)
  An orc priest (D:8)
  A bullfrog skeleton (D:2)
  A centaur skeleton (D:6)
  A gnoll shaman (D:6)
  3 iguanas
  6 orc wizards
  A howler monkey zombie (D:6)
  5 adders
  5 gnolls
  2 shadow imps
  A white imp (D:7)
  An ufetubus (D:5)
  An adder skeleton (D:4)
  2 worms (D:2)
  A dart slug (D:5)
  11 orcs
  7 ball pythons
  6 endoplasms
  3 giant cockroaches
  8 goblins
  4 hobgoblins
  A quokka (D:4)
  7 bats
  2 frilled lizards
  5 kobolds
109 creatures vanquished.

Vanquished Creatures (others)
  An orc wizard (D:6)
  A fungus (D:7)
2 creatures vanquished.

Grand Total: 111 creatures vanquished

Notes
Turn   | Place    | Note
-------+----------+-------------------------------------------
     0 | D:1      | crazypyro the Ogre Monk began the quest for the Orb.
     0 | D:1      | Reached XP level 1. HP: 24/24 MP: 1/1
   122 | D:1      | Reached XP level 2. HP: 21/32 MP: 2/2
   168 | D:1      | Found a faded altar of an unknown god.
   198 | D:1      | Prayed at the altar of an unknown god.
   198 | D:1      | Became a worshipper of Lugonu the Unformed
   198 | D:1      | Reached * piety under Lugonu
   198 | D:1      | Reached ** piety under Lugonu
   198 | D:1      | Reached *** piety under Lugonu
   217 | D:1      | Reached XP level 3. HP: 40/40 MP: 3/3
   510 | D:2      | Reached XP level 4. HP: 45/49 MP: 4/4
   618 | D:2      | Reached skill level 5 in Fighting
   638 | D:2      | Found a broken altar of Ashenzari.
   710 | D:2      | Reached **** piety under Lugonu
   958 | D:2      | Noticed Sigmund
   972 | D:2      | Killed Sigmund
   973 | D:2      | Reached XP level 5. HP: 33/59 MP: 5/5
   973 | D:2      | Reached XP level 6. HP: 38/67 MP: 6/6
  1112 | D:3      | Noticed a +0 short sword
  1112 | D:3      | Noticed a +0 falchion
  1112 | D:3      | Noticed a +0 spear
  1112 | D:3      | Noticed a +0 falchion
  1207 | D:3      | Noticed Grinder
  1247 | D:3      | Killed Grinder
  1248 | D:3      | Reached skill level 6 in Fighting
  1248 | D:3      | Reached skill level 5 in Maces & Flails
  1248 | D:3      | Reached XP level 7. HP: 55/76 MP: 7/7
  1279 | D:3      | Found a shadowy altar of Dithmenos.
  1486 | D:3      | Noticed a +0 spear
  1487 | D:3      | Noticed a +0 dagger
  1488 | D:3      | Noticed a +0 dagger
  1488 | D:3      | Noticed a +0 short sword
  1492 | D:3      | Found a hide-covered altar of Uskayaw.
  1978 | D:4      | Reached skill level 7 in Fighting
  2365 | D:5      | Entered Level 5 of the Dungeon
  2381 | D:5      | Reached skill level 1 in Invocations
  2554 | D:5      | Noticed Menkaure
  2564 | D:5      | Killed Menkaure
  2565 | D:5      | Reached skill level 8 in Fighting
  2565 | D:5      | Reached XP level 8. HP: 22/89 MP: 8/8
  2664 | D:5      | Reached skill level 9 in Fighting
  3079 | D:7      | Reached skill level 10 in Fighting
  3364 | D:6      | Reached skill level 11 in Fighting
  3602 | D:6      | Found a white marble altar of Elyvilon.
  3748 | D:6      | Got the Grimoire of the Displaced Mountains
  3905 | D:6      | Reached XP level 9. HP: 95/106 MP: 9/9
  4057 | D:7      | Found a staircase to the Ecumenical Temple.
  4097 | D:7      | Found a hazy altar of Hepliaklqana.
  4133 | D:7      | Found an iron altar of Okawaru.
  4135 | D:7      | Noticed Maggie
  4144 | D:7      | Killed Maggie
  4145 | D:7      | Reached skill level 12 in Fighting
  4145 | D:7      | Reached skill level 5 in Dodging
  4256 | D:7      | Reached ***** piety under Lugonu
  4374 | D:7      | Found Korouxip's Assorted Antiques.
  4379 | D:7      | Bought a scroll labelled PELUUCL EJEDGH for 27 gold pieces
  4379 | D:7      | Bought a scroll labelled QEPNA QUOXAPU for 27 gold pieces
  4705 | D:7      | Reached skill level 13 in Fighting
  5124 | D:7      | Reached skill level 14 in Fighting
  5479 | D:7      | Found a runed translucent door.
  5480 | D:7      | Noticed Crazy Yiuf
  5632 | D:8      | Noticed a brown ugly thing
  5665 | D:8      | HP: 8/169 [brown ugly thing (6)]
  5665 | D:8      | Splashed by a brown ugly thing's acid

Illustrated notes

Levels and vault maps discovered:
D:1:      minmay_arrival_open_corners, layout_rooms,
          ebering_ecumenical_altar_box
D:2:      layout_loops_ring, basic_altar, uniq_sigmund
D:3:      layout_rooms, mainiacjoe_overflow_paths, nicolae_uskayaw_en_pointe,
          uniq_grinder
D:4:      layout_basic, minmay_misc_feat_secret_circle,
          kennysheep_generic_room_9
D:5:      layout_rooms, minmay_manual_mail, uniq_menkaure
D:6:      layout_basic, elyvilon_altar_5
D:7:      layout_cave_pools, mainiacjoe_overflow_boulevard,
          nzn_hepliaklqana_mist_gate, minmay_temple_entry_ruins, serial_shops,
          kennysheep_little_box, uniq_maggie, uniq_crazy_yiuf_cottage
D:8:      minmay_the_grid_square_5x5_3x3
          [minmay_the_grid_square_5x5_tetrominoes,
          minmay_the_grid_square_5x5_percent,
          minmay_the_grid_square_5x5_inner_i,
          minmay_the_grid_square_5x5_inner_z,
          minmay_the_grid_square_5x5_megaprize_checkered,
          minmay_the_grid_square_5x5_meh, minmay_the_grid_square_5x5_forky,
          minmay_the_grid_square_5x5_spiral_small,
          minmay_the_grid_square_5x5_inset], layout_loops_ring,
          grunt_temple_overflow_growth_and_decay,
          mainiacjoe_overflow_cross_hatched, nrook_uturn,
          chequers_serial_rivers_micro_c, fountainhead

Skill      XL: |  1  2  3  4  5  6  7  8  9 |
---------------+----------------------------+-----
Dodging        | 3 4 5 |  5.5
Maces & Flails | 3 4 5 6 7 |  7.6
Stealth        | 2 |  2.1
Fighting       | 5 6 8 11 14 | 14.2
Invocations    | 1 |  1.2

Action                   |  1- 3 |  4- 6 |  7- 9 || total
-------------------------+-------+-------+-------++-------
Melee: Mace              |    94 |    77 |    29 ||   200
       Punch             |     1 |       |     1 ||     2
       Giant spiked club |       |       |   261 ||   261
  Use: Scroll            |       |     7 |    10 ||    17
       Potion            |       |       |     3 ||     3
 Stab: Sleeping          |     1 |     2 |     6 ||     9
Armor: Troll leather arm |    55 |    29 |    78 ||   162
       Swamp dragon scal |       |       |    47 ||    47
Dodge: Dodged            |    70 |    36 |   186 ||   292
